 Dungeon Crawl Stone Soup version 0.20-a0-739-g6bb112f (webtiles) character file.

40 esteth the Ruffian (level 3, 29/29 HPs)
             Began as a Ghoul Warper on Feb 23, 2017.
             Quit the game on level 1 of the Dungeon on Feb 24, 2017.
             The game lasted 00:02:29 (1076 turns).

esteth the Ruffian (Ghoul Warper)                   Turns: 1076, Time: 00:02:30

Health: 29/29      AC:  3    Str: 14    XL:     3   Next: 50%
Magic:  4/4        EV: 11    Int:  8    God:
Gold:   76         SH:  0    Dex:  9    Spells: 5/5 levels left

rFire    . . .     SeeInvis .     - Unarmed
rCold    + . .     Gourm    .   a - +0 leather armour
rNeg     + + +     Faith    .   (no shield)
rPois    ∞         Spirit   .   (no helmet)
rElec    .         Reflect  .   (no cloak)
rCorr    .         Harm     .   (no gloves)
MR       .....                  (no boots)
Stlth    +.........             (no amulet)
Regen    0.0/turn               (no ring)
MPRegen  0.1/turn               (no ring)

@: rotting
A: rotting body, claws 1, carnivore 3, cold resistance 1, negative energy
resistance 3, inhibited regeneration, torment resistance, unbreathing
a: no special abilities


You were on level 1 of the Dungeon.
You were not hungry.

You visited 1 branch of the dungeon, and saw 1 of its levels.

You collected 76 gold pieces.

Inventory:

Missiles
 d - 5 tomahawks of dispersal (quivered)
Armour
 a - a +0 leather armour (worn)
Scrolls
 c - 2 scrolls of blinking
 e - 4 scrolls of identify {unknown}
 h - a scroll of noise {unknown}
 l - a scroll of amnesia {unknown}
 m - a scroll of teleportation {unknown}
Potions
 g - a potion of heal wounds {unknown}
 j - 2 potions of curing {unknown}
 k - a potion of degeneration {unknown}
Books
 b - a book of Spatial Translocations

   Spells                             Type                      Level
   a - Blink                          Translocation                2
   b - Shroud of Golubria             Charms/Translocation         2
   c - Lesser Beckoning               Translocation                3
   d - Gell's Gravitas                Translocation                3
   e - Teleport Other                 Translocation                3
   f - Passage of Golubria            Translocation                4
Comestibles
 f - a meat ration
 i - 2 chunks of flesh


   Skills:
 - Level 2.1 Fighting
 + Level 2.1 Throwing
 - Level 0.8 Armour
 - Level 1.7 Dodging
 + Level 3.3 Unarmed Combat
 - Level 1.7 Spellcasting
   Level 2.6 Translocations


You had 5 spell levels left.
You didn't know any spells.

Dungeon Overview and Level Annotations

Branches:
Dungeon (1/15)

Altars:


Innate Abilities, Weirdness & Mutations

Your body is rotting away.
You thrive on raw meat.
You are immune to poison.
You have sharp fingernails.
You are carnivorous and can eat meat at any time.
Your flesh is cold resistant. (rC+)
You are immune to negative energy. (rN+++)
You do not regenerate when monsters are visible.
You are immune to unholy pain and torment.
You can survive without breathing.


Message History

i - 3 chunks of flesh (gained 1) Done exploring.
Done exploring.
Done exploring.
You start resting.
HP restored.
Done exploring.
Done exploring.
(D) Dungeon
Where to? (? - help)
What level of the Dungeon? (default 1, ? - help)
You feel your flesh rotting away.
Eating one of 3 chunks of flesh.
You eat one of the 3 chunks of flesh.
You feel more resilient.
This raw flesh tastes great!
A frilled lizard comes into view.
Things that are here:
a dagger; a stone; a rat skeleton Welcome back, esteth the Ghoul Warper.
Press ? for a list of commands and other information.
Are you sure you want to abandon this character and quit the game? (Confirm with "yes".)

##.## #.# ##..# #.##
###.### #..# ##....#
##.# ##....## #(#
##.....#### #(######
##........###.(....#
##..............)..#
##.....♣♣♣♣♣♣♣♣♣@..#
#####..♣PP..PP..♣..#
# #..♣PP..P...♣..# #
#..♣..PPl..P♣..#
#..♣..P.<.P.♣..#
#..♣PP...P..♣..#
#..♣P...PP..♣..#
#..♣...P..PP♣..#
#..♣[.PP..PP♣..#


You could see a frilled lizard.

Vanquished Creatures
  A gnoll (D:1)
  An ooze (D:1)
  2 leopard geckos (D:1)
  2 giant cockroaches (D:1)
  A goblin (D:1)
  A hobgoblin (D:1)
  2 jackals (D:1)
  5 kobolds (D:1)
  3 bats (D:1)
  A frilled lizard (D:1)
  4 rats (D:1)
23 creatures vanquished.

Vanquished Creatures (others)
  A fungus (D:1)
1 creature vanquished.

Grand Total: 24 creatures vanquished

Notes
Turn   | Place    | Note
-------+----------+-------------------------------------------
     0 | D:1      | esteth the Ghoul Warper began the quest for the Orb.
     0 | D:1      | Reached XP level 1. HP: 17/17 MP: 2/2
    17 | D:1      | Reached skill level 1 in Throwing
   219 | D:1      | Reached XP level 2. HP: 23/24 MP: 3/3
   303 | D:1      | Reached skill level 3 in Unarmed Combat
   303 | D:1      | Reached XP level 3. HP: 12/29 MP: 4/4
  1076 | D:1      | Upgraded the game from 0.20-a0-738-gb057e68 to 0.20-a0-739-g6bb112f
  1076 | D:1      | Quit the game

Vault maps used:
D:1:      scummos_arrival_checkerplants

Skill      XL: |  1  2  3 |
---------------+----------+-----
Throwing       | 1 2 |  2.1
Unarmed Combat | 3 |  3.3
Fighting       | |  2.1
Armour         | |  0.8
Dodging        | |  1.7
Spellcasting   | |  1.7
Translocations | |  2.6

Action                   || total
-------------------------++-------
Melee: Unarmed           ||    90
  Eat: Chunk             ||     4
Armor: Leather armour    ||    23
Dodge: Dodged            ||    62
